 Dungeon Crawl Stone Soup version 0.30.0-16-gbe6223bb7e (webtiles) character file.

Game seed: 5402481957496799310

44890 Cheops the Bludgeoner (level 13, -4/123 HPs)
             Began as a Minotaur Fighter on May 20, 2023.
             Was a High Priest of Ru.
             Slain by a cane toad (51 damage)
             ... on level 5 of the Lair of Beasts.
             The game lasted 00:57:18 (18054 turns).

Cheops the Bludgeoner (Minotaur Fighter)           Turns: 18054, Time: 00:57:19

Health: -4/123     AC: 25    Str: 23    XL:     13   Next: 98%
Magic:  12/12      EV:  2    Int:  4    God:    Ru [*****.]
Gold:   1281       SH:  0    Dex: 11    Spells: 12/12 levels left

rFire   x . .        b - +1 broad axe (flame)
rCold   x . .        Y - +0 kite shield
rNeg    + . .        A - +2 plate armour
rPois   .            (helmet restricted)
rElec   .            q - +0 cloak
rCorr   .            X - +0 pair of gloves
SInv    .            i - +2 pair of boots {Fly}
Will    +++..        w - necklace of Bloodlust {Fury *Rage Will++ Int-3 Slay+6} Stlth
                     B - ring of willpower
HPRegen 0.40/turn    W - ring of positive energy
MPRegen 0.13/turn

%: random rage (50%)
@: lethally poisoned (-4 -> -9), sleeping, on berserk cooldown, flying, slowed,
studying Long Blades
A: horns 2, hated by all, no earth magic, no hexes magic, no summoning magic,
reduced EV 1, disrupted magic 1, temperature sensitive, retaliatory headbutt
a: Renounce Religion, Draw Out Power, Power Leap, Apocalypse


You were on level 5 of the Lair of Beasts.
You worshipped Ru.
Ru was extremely pleased with you.
You visited 3 branches of the dungeon, and saw 18 of its levels.
You also visited: Bailey.

You collected 1723 gold pieces.
You spent 442 gold pieces at shops.

Inventory:

Hand Weapons
 a - a +1 vampiric morningstar
 b - a +1 broad axe of flaming (weapon)
 c - a +3 antimagic hand axe
 h - a +7 arbalest
 V - the +7 dire flail "Gasutzux" {venom, rElec}
   (You acquired it on level 2 of the Lair of Beasts)

   rElec:     It insulates you from electricity.
Missiles
 r - 6 boomerangs of dispersal
 H - 2 throwing nets
 R - 23 boomerangs (quivered)
Armour
 i - a +2 pair of boots of flying (worn)
 q - a +0 cloak (worn)
 u - the +1 leather armour of Pleasant Breezes {Str+3}
   (You found it on level 3 of the Dungeon)

   Str:       It affects your strength (+3).
 A - a +2 plate armour (worn)
 T - +0 swamp dragon scales
 X - a +0 pair of gloves (worn)
 Y - a +0 kite shield (worn)
Magical Staves
 f - a staff of cold
 O - a staff of death
Jewellery
 m - an amulet of guardian spirit
 w - the necklace of Bloodlust (around neck) {Fury *Rage Will++ Int-3 Slay+6}
   (You found it on level 4 of the Dungeon)

   [amulet of nothing]

   Fury:      It extends the wearer's berserk rage when killing foes.
   Int:       It affects your intelligence (-3).
   Slay:      It affects your accuracy & damage with ranged weapons and melee
   (+6).
   *Rage:     It berserks you when you make melee attacks (+50% chance).
   Will:      It greatly increases your willpower.
 B - a ring of willpower (left hand)
 W - a ring of positive energy (right hand)
Wands
 o - a wand of roots (27)
 y - a wand of acid (8)
 L - a wand of charming (9)
 Q - a wand of mindburst (16)
 U - a wand of flame (16)
Scrolls
 d - a scroll of enchant weapon
 g - a scroll of teleportation
 k - 6 scrolls of fear {unknown}
 n - 5 scrolls of immolation
 t - a scroll of summoning
 v - 2 scrolls of magic mapping
 x - a scroll of poison
 z - 2 scrolls of fog
 G - 5 scrolls of blinking {unknown}
 P - 4 scrolls of vulnerability {unknown}
Potions
 j - 9 potions of curing {unknown}
 l - 6 potions of flight
 p - 3 potions of attraction
 C - 4 potions of ambrosia
 D - 4 potions of haste
 E - 2 potions of heal wounds
 I - 6 potions of lignification {unknown}
 J - 3 potions of cancellation
 K - 3 potions of mutation {unknown}
 M - 5 potions of might
 Z - 2 potions of experience {unknown}
Miscellaneous
 e - a phantom mirror
 s - a condenser vane


   Skills:
 + Level 13.7 Fighting
 - Level 16.0 Maces & Flails
 - Level 6.2 Throwing
 - Level 14.0 Armour
 - Level 8.3 Dodging
 - Level 10.2 Shields
 - Level 4.0 Evocations


You had 12 spell levels left.
You didn't know any spells.
Your spell library contained the following spells:

 Spells                   Type           Power      Damage    Failure   Level
 Foxfire                  Conj/Fire      0%         2x1d4     100%        1
 Magic Dart               Conj           0%         1d3       100%        1
 Shock                    Conj/Air       0%         1d3       100%        1
 Blink                    Tloc           0%         N/A       100%        2
 Lesser Beckoning         Tloc           0%         N/A       100%        2
 Momentum Strike          Conj/Tloc      0%         3d8       100%        2
 Searing Ray              Conj           0%         2d4       100%        2
 Sublimation of Blood     Necr           0%         N/A       100%        2
 Wereblood                Tmut           0%         N/A       100%        2
 Gell's Gravitas          Tloc           0%         N/A       100%        3
 Ignite Poison            Fire/Tmut/Pois 0%         N/A       100%        3
 Swiftness                Air            0%         N/A       100%        3
 Teleport Other           Tloc           0%         N/A       100%        3
 Vampiric Draining        Necr           0%         2d6       100%        3
 Airstrike                Air            0%         2d(0-16)  100%        4
 Olgreb's Toxic Radiance  Pois           0%         N/A       100%        4
 Sticky Flame             Conj/Fire      0%         2d3       100%        4
 Arcjolt                  Conj/Air       0%         1d10      100%        5
 Fireball                 Conj/Fire      0%         3d3       100%        5
 Conjure Ball Lightning   Conj/Air       0%         3x3d6     100%        6
 Dispersal                Tloc           0%         N/A       100%        6
 Plasma Beam              Fire/Air       0%         2x1d11    100%        6
 Starburst                Conj/Fire      0%         6d3       100%        6
 Orb of Destruction       Conj           0%         9d5       100%        7
 Ignition                 Fire           0%         3d3       100%        8
 Slow                     Hex            Unusable   N/A       N/A         1
 Confusing Touch          Hex            Unusable   N/A       N/A         3
 Summon Guardian Golem    Hex/Summ       Unusable   N/A       N/A         3
 Spellforged Servitor     Conj/Summ      Unusable   N/A       N/A         7
 Summon Hydra             Summ           Unusable   N/A       N/A         7
 Discord                  Hex            Unusable   N/A       N/A         8

Dungeon Overview and Level Annotations

Branches:
Dungeon (12/15)            Temple (1/1) D:4            Lair (5/5) D:10
 Shoals (0/4) Lair:3        Snake (0/4) Lair:3          Orc (0/2) D:12
 Bailey (visited)
  Slime: Lair:4-5

Altars:
Ashenzari
Cheibriados
Dithmenos
Elyvilon
Gozag
Kikubaaqudgha
Makhleb
Nemelex Xobeh
Okawaru
Qazlal
Ru
Sif Muna
Trog
Uskayaw
Vehumet
Wu Jian
Xom
Zin
The Shining One
Lugonu

Shops:
D:10 *   D:11 *

Annotations:
D:7 2 transporters


Innate Abilities, Weirdness & Mutations

You have a pair of horns on your head.
You are hated by all.
You cannot study or cast Earth magic.
You cannot study or cast Hexes magic.
You cannot study or cast Summoning magic.
You have somewhat slow reflexes. (EV -5)
Your casting is slightly disrupted.
You are sensitive to extremes of temperature. (rF-, rC-)
You reflexively headbutt those who attack you in melee.


Message History

You hit the cane toad but do no damage. You closely miss the dream sheep.
The blink frog blinks!
The cane toad stings you but does no damage.
You block the dream sheep's attack.
A cane toad comes into view.
The four-headed hydra bites you. The four-headed hydra bites you!
You focus your inner power and blind the four-headed hydra in retribution!
The four-headed hydra bites you. x2; The cane toad stings you!
* * * LOW HITPOINT WARNING * * *
You are poisoned.
The cane toad poisons you! The dream sheep bites you.
* * * LOW HITPOINT WARNING * * *
The blink frog hits you!
* * * LOW HITPOINT WARNING * * *
The blink frog blinks!
The cane toad croaks.
You chop one of the four-headed hydra's heads off!
The flame cauterises the wound!
You slice the three-headed hydra!! You burn the three-headed hydra.
Your headbutt misses the three-headed hydra.
The three-headed hydra is severely wounded.
You barely miss the blink frog. You slash the cane toad!
You burn the cane toad. You hit the dream sheep. You burn the dream sheep.
You feel very sick.
You hear an angry hiss.
You hear a loud, deep croak!
You block the cane toad's attack.
The three-headed hydra bites you but does no damage. x2
The three-headed hydra barely misses you.
You block the blink frog's attack.
You redirect the dream sheep's attack!
The cane toad stings you but does no damage.
The three-headed hydra bites you but does no damage.
The three-headed hydra bites you.
* * * LOW HITPOINT WARNING * * *
You block the three-headed hydra's attack.
The blink frog hits you but does no damage.
The dream sheep shake their wool and sparkle.
You feel drowsy...
You fall asleep.
The dream sheep barely misses you.
You feel sick. The cane toad stings you!!!
You die...

........P......
................
................
.........#......
................
...F............
......FF........
......D@........
......YYY<.?....
................
................
.....)..........
................
#...............
................
................


You could see a three-headed hydra (blind), 2 cane toads, a blink frog and 3
dream sheep.

Vanquished Creatures
  3 hydras
  Erolcha (D:9)
  3 boulder beetles
  A centaur warrior (D:12)
  2 catoblepae
  2 two-headed ogres
  A skyshark (Lair:4)
  Pikel (D:9)
  An orc knight (Bailey)
  3 ugly things
  2 cyclopes (D:12)
  A manticore (Lair:3)
  8 black mambas
  A gargoyle (D:12)
  13 cane toads
  Maggie (D:10)
  8 komodo dragons
  9 rime drakes
  3 trolls
  A hornet (Lair:2)
  18 blink frogs
  3 dream sheep (Lair:5)
  Sigmund (D:5)
  A shadow (D:11)
  12 wyverns
  5 slime creatures (D:12)
  24 yaks
  2 vampires
  2 steam dragons (D:6)
  8 basilisks
  3 wargs (D:10)
  10 orc warriors
  22 water moccasins
  An ice beast (D:7)
  10 black bears
  19 wolves
  An ogre (D:5)
  9 centaurs
  4 phantoms
  4 kobold brigands
  9 bullfrogs
  2 scorpions
  A gnoll sergeant (D:10)
  A wight (D:6)
  3 killer bees (D:10)
  3 electric eels (Lair:4)
  2 howler monkeys (D:7)
  3 hounds
  Crazy Yiuf (D:2)
  A gnoll bouda (D:6)
  6 jellies
  6 orc priests
  2 sleepcaps (D:6)
  5 iguanas
  Natasha (twice) (D:2)
  13 orc wizards
  4 hell rats (Lair:3)
  Robin (D:2)
  18 gnolls
  10 adders
  2 shadow imps
  A white imp (D:7)
  6 dart slugs
  60 orcs
  5 endoplasms
  6 giant cockroaches
  29 goblins
  21 hobgoblins
  5 quokkas
  8 ball pythons
  6 bats
  12 frilled lizards
  29 kobolds
  4 rats
511 creatures vanquished.

Vanquished Creatures (others)
  A two-headed ogre (D:10)
  A skyshark (Lair:5)
  2 yaks
  A wyvern (Lair:3)
  A vampire mosquito (D:12)
  A hell rat (Lair:3)
  2 orcs (D:10)
9 creatures vanquished.

Grand Total: 520 creatures vanquished

Notes
Turn   | Place    | Note
-------+----------+-------------------------------------------
     0 | D:1      | Cheops the Minotaur Fighter began the quest for the Orb.
     0 | D:1      | Reached XP level 1. HP: 19/19 MP: 0/0
    57 | D:1      | Reached skill level 3 in Maces & Flails
   165 | D:1      | Reached XP level 2. HP: 26/26 MP: 1/1
   596 | D:1      | Reached skill level 4 in Maces & Flails
   727 | D:1      | Reached XP level 3. HP: 31/31 MP: 2/2
  1105 | D:2      | Reached skill level 5 in Maces & Flails
  1157 | D:2      | Noticed Natasha
  1166 | D:2      | Killed Natasha
  1167 | D:2      | Reached XP level 4. HP: 36/39 MP: 3/3
  1232 | D:2      | Noticed Robin
  1249 | D:2      | Killed Robin
  1412 | D:2      | Reached skill level 6 in Maces & Flails
  1556 | D:2      | Found a faded altar of an unknown god.
  1685 | D:2      | Noticed Natasha
  1690 | D:2      | Killed Natasha
  1691 | D:2      | Reached XP level 5. HP: 42/45 MP: 4/4
  1841 | D:2      | Found a runed translucent door.
  1842 | D:2      | Noticed Crazy Yiuf
  1902 | D:2      | Killed Crazy Yiuf
  2064 | D:2      | Reached skill level 7 in Maces & Flails
  2332 | D:3      | Reached XP level 6. HP: 45/51 MP: 5/5
  2376 | D:3      | Identified the +1 leather armour of Pleasant Breezes
                  | {Str+3}
  2534 | D:3      | Found a sparkling altar of Nemelex Xobeh.
  2694 | D:3      | Found a shimmering altar of Xom.
  2711 | D:3      | Reached skill level 8 in Maces & Flails
  2833 | D:4      | Reached skill level 9 in Maces & Flails
  2916 | D:4      | Found a glowing golden altar of the Shining One.
  2979 | D:4      | Reached XP level 7. HP: 54/57 MP: 6/6
  3138 | D:4      | Found the necklace of Bloodlust {Fury *Rage Will++ Int-3
                  | Slay+6}
  3322 | D:4      | Reached skill level 10 in Maces & Flails
  3604 | D:4      | Found a shimmering blue altar of Sif Muna.
  3710 | D:4      | Found a staircase to the Ecumenical Temple.
  3800 | D:4      | Reached skill level 11 in Maces & Flails
  4160 | D:5      | Entered Level 5 of the Dungeon
  4167 | D:5      | Noticed Sigmund
  4172 | D:5      | Killed Sigmund
  4173 | D:5      | Reached XP level 8. HP: 64/64 MP: 7/7
  4332 | D:5      | Reached skill level 12 in Maces & Flails
  5332 | Temple   | Entered the Ecumenical Temple
  5476 | Temple   | Became a worshipper of Ru the Awakened
  6129 | D:6      | Reached skill level 13 in Maces & Flails
  6151 | D:6      | Found an ornate altar of the Wu Jian Council.
  6600 | D:6      | Reached skill level 14 in Maces & Flails
  6600 | D:6      | Reached XP level 9. HP: 70/70 MP: 8/8
  6626 | D:6      | Reached skill level 5 in Armour
  7424 | D:7      | Gained mutation: You have somewhat slow reflexes. (EV -5)
                  | [Ru sacrifice]
  7424 | D:7      | Reached * piety under Ru
  7520 | D:7      | Found a transporter.
  7524 | D:7      | Noticed a green ugly thing
  7525 | D:7      | Noticed a red ugly thing
  7525 | D:7      | Noticed a white ugly thing
  7526 | D:7      | Found a corrupted altar of Lugonu.
  7667 | D:7      | Found a transporter.
  7877 | D:8      | Reached skill level 10 in Armour
  7978 | D:8      | Found an iron altar of Okawaru.
  8064 | D:8      | Noticed a two-headed ogre
  8074 | D:8      | Killed a two-headed ogre
  8075 | D:8      | Reached XP level 10. HP: 18/77 MP: 9/9
  8764 | D:9      | Noticed Erolcha
  8782 | D:9      | Killed Erolcha
  9012 | D:9      | Noticed Pikel
  9020 | D:9      | Killed Pikel
 10402 | D:10     | Entered Level 10 of the Dungeon
 10493 | D:10     | Reached skill level 1 in Throwing
 10637 | D:10     | Found a radiant altar of Vehumet.
 10661 | D:10     | Noticed a two-headed ogre
 10665 | D:10     | Killed a two-headed ogre
 10682 | D:10     | Gained mutation: You are sensitive to extremes of
                  | temperature. (rF-, rC-) [Ru sacrifice]
 10682 | D:10     | Reached ** piety under Ru
 10682 | D:10     | Reached *** piety under Ru
 10691 | D:10     | Found Ecugoumo's Assorted Antiques.
 10704 | D:10     | Bought a scroll of identify for 68 gold pieces
 10704 | D:10     | Bought a scroll of identify for 68 gold pieces
 10704 | D:10     | Bought 2 scrolls labelled BUAQUQE ZOHU for 68 gold pieces
 10704 | D:10     | Bought a scroll labelled QEOVEO CISU for 34 gold pieces
 10706 | D:10     | Bought a morningstar for 136 gold pieces
 10761 | D:10     | Found a staircase to the Lair.
 10791 | D:10     | Found a basalt altar of Yredelemnul.
 10869 | D:10     | Found a flagged portal.
 10876 | Bailey   | Entered a bailey
 10883 | Bailey   | Noticed an orc knight
 10902 | Bailey   | Reached XP level 11. HP: 82/82 MP: 10/10
 11134 | Bailey   | Got Etown's Enchiridion on Aeromancy and the Discharge
 11213 | Bailey   | Killed an orc knight
 11214 | Bailey   | Reached skill level 5 in Throwing
 11781 | D:11     | Noticed a boulder beetle
 11799 | D:11     | Killed a boulder beetle
 11964 | D:10     | Noticed Maggie
 12002 | D:10     | Killed Maggie
 12305 | D:11     | Noticed a red ugly thing
 12320 | D:11     | Killed a red ugly thing
 12385 | D:11     | Noticed a two-headed ogre
 12390 | D:11     | Killed a two-headed ogre
 12485 | D:11     | Noticed a boulder beetle
 12500 | D:11     | Reached skill level 5 in Fighting
 12518 | D:11     | Killed a boulder beetle
 12584 | D:11     | Found Noqiumes's General Store.
 12589 | D:11     | Bought a wand of flame (7) for 68 gold pieces
 12722 | D:11     | Gained mutation: You cannot study or cast Earth magic. [Ru
                  | sacrifice]
 12722 | D:11     | Gained mutation: You cannot study or cast Hexes magic. [Ru
                  | sacrifice]
 12722 | D:11     | Gained mutation: You cannot study or cast Summoning magic.
                  | [Ru sacrifice]
 12722 | D:11     | Reached **** piety under Ru
 13035 | D:12     | Found a staircase to the Orcish Mines.
 13074 | D:12     | Noticed a boulder beetle
 13215 | D:12     | Killed a boulder beetle
 13408 | D:12     | Identified a scroll of acquirement
 13409 | D:12     | Acquired a manual of Long Blades
 13416 | D:12     | Noticed a red ugly thing
 13427 | D:12     | Killed a red ugly thing
 13435 | D:12     | Reached skill level 5 in Shields
 13628 | D:12     | Noticed a cyan ugly thing
 13689 | D:12     | Killed a cyan ugly thing
 13690 | D:12     | Reached XP level 12. HP: 104/104 MP: 11/11
 13754 | D:12     | Reached skill level 15 in Maces & Flails
 13819 | D:12     | Noticed a two-headed ogre
 13985 | D:12     | Noticed a centaur warrior
 13997 | D:12     | Killed a centaur warrior
 14357 | Lair:1   | Entered Level 1 of the Lair of Beasts
 14454 | Lair:1   | Reached skill level 16 in Maces & Flails
 14499 | Lair:1   | Reached skill level 1 in Dodging
 14720 | Lair:1   | Reached skill level 5 in Dodging
 15472 | Lair:2   | Acquired the +7 dire flail "Gasutzux" {venom, rElec}
 15647 | Lair:2   | Gained mutation: You are hated by all. [Ru sacrifice]
 15647 | Lair:2   | Reached ***** piety under Ru
 16139 | Lair:3   | Reached XP level 13. HP: 111/111 MP: 12/12
 16278 | Lair:3   | Found a staircase to the Shoals.
 16417 | Lair:3   | Reached skill level 10 in Shields
 16441 | Lair:3   | Found a staircase to the Snake Pit.
 16676 | Lair:3   | Reached skill level 10 in Fighting
 17462 | Lair:4   | Gained mutation: Your casting is slightly disrupted. [Ru
                  | sacrifice]
 18021 | Lair:5   | Entered Level 5 of the Lair of Beasts
 18054 | Lair:5   | Slain by a cane toad

Illustrated notes

Levels and vault maps discovered:
D:1:      eino_arrival_tree_alley, layout_loops_ring, grunt_decor_clamped,
          dreamdust_princess_corridor, minmay_lizard_king
D:2:      layout_loops_ring, hellmonk_ecumenical_altar_pennies_from_heaven,
          uniq_robin, uniq_crazy_yiuf_cottage, uniq_natasha
D:3:      cheibrodos_greedy_goblins, layout_rooms, mainiacjoe_overflow_big_doors
D:4:      layout_basic, kennysheep_mini_moat, kennysheep_orc_sif_temple,
          minmay_temple_entry_antechambers, serial_co_window_serial,
          co_window_paths_a, co_window_paths_b, co_window_corner_a,
          co_window_paths_a, co_window_cross_1, co_window_broadway_c,
          co_window_paths_c, co_window_broadway_a, co_window_broadway_a,
          co_window_broadway_c, glass_columns_b, glass_columns_b,
          glass_columns_a
D:5:      layout_basic, serial_co_window_serial, co_window_paths_a,
          co_window_cross_1, co_window_of_opportunity_a, co_window_corner_a,
          co_window_corner_a, co_window_broadway_b, co_window_corner_ca,
          co_window_broadway_b, glass_columns_a, glass_columns_c,
          glass_columns_a, glass_columns_c, uniq_sigmund
D:6:      cheibrodos_barr_body, layout_rooms, nzn_wu_jian_council_hall,
          centaur_isle
D:7:      gammafunk_corrupted_shrine, layout_basic, chequers_serial_rivers_marsh
D:8:      layout_cave_pools, mainiacjoe_overflow_small_starburst
D:9:      layout_cave_pools, uniq_pikel, uniq_erolcha
D:10:     layout_roguey [special_room_orc], mainiacjoe_overflow_six_doors_small,
          nicolae_overflow_hidden_temple, erik_lair_orcish_takeover,
          enter_bailey_2, serial_shops, shop, uniq_maggie
D:11:     layout_gridville, serial_shops, nicolae_shop_trees
D:12:     evilmike_diamond_1, layout_gridville, orc_0_dummy
Temple:   nicolae_temple_superstar
Lair:1:   layout_hall_layers, nzn_random_ring, infiniplex_staircase_pool_2
Lair:2:   layout_cave_pods, minivault_11, beast_lair_carwin_10
Lair:3:   layout_roguey [special_room_mythical_zoo], shoals_dummy_entry,
          minmay_snake_entry_six_corridors
Lair:4:   nzn_winding_woodlands_small [nzn_winding_woodlands_5x15_twine,
          nzn_winding_woodlands_center_garden,
          nzn_winding_woodlands_5x15_sawtooth], layout_cave_shapes,
          serial_bayou_shore_a, serial_bayou_shore_b
Lair:5:   guppyfry_lair_end_dragon, layout_cave_shapes,
          hangedman_lair_caniforms_friends, slime_entry_1, serial_rivers,
          chequers_serial_rivers_room_a, chequers_serial_rivers_room_a,
          chequers_serial_rivers_marsh, chequers_serial_rivers_micro_a,
          serial_bayou_pond_b, lemuel_fruit_tree

Skill      XL: |  1  2  3  4  5  6  7  8  9 10 11 12 13 |
---------------+----------------------------------------+-----
Maces & Flails | 3 4 5 6 7 9 11 14 16 | 16.0
Armour         | 4 11 14 | 14.0
Throwing       | 4 6 |  6.2
Evocations     | 4 |  4.0
Fighting       | 9 13 | 13.7
Shields        | 5 6 10 | 10.2
Dodging        | 8 |  8.3

Action                     |  1- 3 |  4- 6 |  7- 9 | 10-12 | 13-15 || total
---------------------------+-------+-------+-------+-------+-------++-------
  Melee: Flail             |    99 |   110 |   129 |    67 |       ||   405
         Headbutt          |     7 |    25 |    51 |   111 |    66 ||   260
         Hand axe          |       |    52 |   137 |       |       ||   189
         Morningstar       |       |       |       |   471 |   266 ||   737
         Broad axe         |       |       |       |       |     3 ||     3
  Throw: Boomerang         |       |       |       |     7 |       ||     7
 Invoke: Sacrifice Health  |       |       |     1 |       |       ||     1
         Sacrifice Resista |       |       |       |     1 |       ||     1
         Sacrifice Arcana  |       |       |       |     1 |       ||     1
         Sacrifice Love    |       |       |       |     1 |       ||     1
         Sacrifice Essence |       |       |       |       |     1 ||     1
    Use: Scroll            |       |       |     8 |    17 |       ||    25
         Potion            |       |       |       |     1 |       ||     1
   Stab: Invisible         |       |       |       |     4 |     1 ||     5
         Petrified         |       |       |       |       |     3 ||     3
         Distracted        |       |       |       |       |     2 ||     2
         Petrifying        |       |       |       |       |     1 ||     1
         Paralysed         |       |       |       |       |     1 ||     1
 Armour: Scale mail        |    35 |    65 |       |       |       ||   100
         Chain mail        |       |    16 |    24 |       |       ||    40
         Plate armour      |       |       |    85 |   401 |   118 ||   604
  Dodge: Dodged            |    42 |    66 |    65 |    60 |    30 ||   263
  Block: Buckler           |    16 |    29 |    48 |   115 |       ||   208
         Kite shield       |       |       |       |    25 |   100 ||   125
